cohdb
Replays
Latest Replays
All Replays
Popular Replays
Top Player Replays
Match Explorer
How It Works
Community
CoH3 Stats
Reddit
Sign in to upload your games and track your stats! →
Sign in with Steam
Match 43692284
Unlisted
Match 43692284
Overview
Messages
Build Orders
End
Royal Engineer Section
Construct Section Command Post
Dingo Light Scout Car
Infantry Section
Infantry Section
Construct Platoon Command Post
Grenade Package
Construct Field Infirmary
Unlock M3 Stuart Light Tanks
M3 Stuart Light Tank
Royal Engineer Section
Infantry Section
M3 Stuart Light Tank
Infantry Section
Infantry Section
Construct Company Command Post
Crusader II Medium Tank
6-pounder Anti-tank Gun Team
Crusader II Medium Tank
Crusader II Medium Tank
Selects Australian Defense Battlegroup
Selects CMP 15cwt Supply Run
Selects Reinforced Resource Caches
Selects Archer Tank Destroyer
Selects Australian Light Infantry Section
Selects 2-pounder Anti-tank Gun Team
Selects Hold the Line!
Infantry Section
Infantry Section
Royal Engineer Section
Crusader II Medium Tank
RoB
Core
UH|ck
iceman
0
0
Comments
sign in to comment!
No comments posted yet!